 Dungeon Crawl Stone Soup version 0.29.0-15-g675c0067aa (webtiles) character file.

Game seed: 1916190680821621476

79 qw the Chopper (level 4, 0/39 HPs)
             Began as a Minotaur Berserker on Sept 12, 2022.
             Was a Believer of Trog.
             Frozen to death by an endoplasm (5 damage)
             ... on level 2 of the Dungeon.
             The game lasted 00:00:36 (1638 turns).

qw the Chopper (Minotaur Berserker)                 Turns: 1638, Time: 00:00:37

Health: 0/39       AC:  5    Str: 24    XL:     4   Next: 17%
Magic:  3/3        EV: 11    Int:  4    God:    Trog [**....]
Gold:   43         SH:  0    Dex:  9    Spells: 3/3 levels left

rFire   . . .      SeeInvis .   Y - +0 hand axe
rCold   . . .      Faith    .   (no shield)
rNeg    . . .      Spirit   .   f - +0 ring mail
rPois   .          Reflect  .   (helmet restricted)
rElec   .          Harm     .   (no cloak)
rCorr   .          Rampage  .   (no gloves)
Will    +....                   (no boots)
Stlth   ..........              (no amulet)
HPRegen 0.13/turn               e - ring of willpower
MPRegen 0.08/turn               (no ring)

@: on berserk cooldown, slowed, very slow
A: horns 2, retaliatory headbutt
a: Renounce Religion, Berserk, Trog's Hand


You were on level 2 of the Dungeon.
You worshipped Trog.
Trog was pleased with you.
You visited 1 branch of the dungeon, and saw 2 of its levels.

You collected 59 gold pieces.
You spent 16 gold pieces at shops.


Innate Abilities, Weirdness & Mutations

You have a pair of horns on your head.
You reflexively headbutt those who attack you in melee.


   Skills:
 - Level 3.6 Fighting
 + Level 6.1 Axes
 - Level 2.4 Armour
 - Level 2.1 Dodging


You had 3 spell levels left.
You didn't know any spells.
Your spell library was empty.

Inventory:

Hand Weapons
 j - a +0 whip
 Y - a +0 hand axe (weapon)
Armour
 f - a +0 ring mail (worn)
Jewellery
 b - an amulet of guardian spirit
 e - a ring of willpower (left hand)
Scrolls
 a - a scroll of butterflies {unknown}
 d - a scroll of identify
Potions
 g - a potion of attraction {unknown}
 h - a potion of degeneration {unknown}
 i - a potion of might {unknown}
 k - a potion of haste {unknown}
 l - a potion of invisibility {unknown}

Dungeon Overview and Level Annotations

Branches:
Dungeon (2/15)

Altars:

Shops:
D:1 *


Message History

You kill the kobold!
Trog accepts your kill.
Your Axes skill increases to level 6!
1629 ||| INVOKING Berserk.
A red film seems to cover your vision as you go berserk!
You feel yourself moving faster!
You feel mighty!
You feel sick. The adder bites you.
You are more poisoned.
The adder poisons you! The adder closely misses you. You furiously retaliate!
You headbutt the adder!!
You kill the adder!
Trog accepts your kill.
You feel a strong urge to attack something.
You feel sick.
The kobold throws a stone.
The stone closely misses you.
You see here an adder corpse.
You feel sick.
You feel your anger nearly subside.
You are no longer berserk.
You are exhausted.
You feel yourself slow down.
You feel sick. The kobold hits you with a +0 whip.
You hit the kobold but do no damage.
You feel very sick. The kobold hits you but does no damage.
1634 ||| READING scroll of teleportation.
As you read the scroll of teleportation, it crumbles to dust.
You feel strangely unstable.
You feel sick. The kobold closely misses you.
The kobold hits you but does no damage.
You hit the kobold.
You kill the kobold!
Trog accepts your kill.
Your surroundings suddenly seem different.
An endoplasm comes into view.
You feel sick.
The endoplasm quivers.
You feel sick.
You feel sick.
You are no longer poisoned.
The endoplasm freezes you.
You are frozen.
You die...

...##. #..# #.##.
...# #.... #....#
#.... ##....#
#.##. ##.....#
#.... ##......#
#....
#.J.....##+###....
#@...............#
#.................
#.................
#........%........
#.......)%.......#
##..............##
##..$..#......##
#####.....)#.#
#..##.##....


You could see an endoplasm.

Vanquished Creatures
  3 adders (D:2)
  2 dart slugs (D:1)
  4 bats
  5 endoplasms
  2 giant cockroaches
  7 goblins
  3 hobgoblins (D:1)
  4 jackals (D:2)
  A quokka (D:1)
  5 ball pythons
  4 kobolds
  6 rats
46 creatures vanquished.

Notes
Turn   | Place    | Note
-------+----------+-------------------------------------------
     0 | D:1      | qw the Minotaur Berserker began the quest for the Orb.
     0 | D:1      | Reached XP level 1. HP: 19/19 MP: 0/0
     0 | D:1      | 0 ||| qw: Version: 0.1-a-119-g272c26d
     0 | D:1      | 0 ||| qw: Game counter: 10895
     0 | D:1      | 0 ||| qw: Always use a shield: true
     0 | D:1      | 0 ||| qw: Do Orc after D:15 true
     0 | D:1      | 0 ||| qw: Do second Lair branch before Depths: true
     0 | D:1      | 0 ||| qw: Lair rune preference: random
     0 | D:1      | 0 ||| qw: Plans: Normal
     0 | D:1      | 0 ||| PLANNING D:1-11
   125 | D:1      | 125 ||| Stepping ~*~*~tactically~*~*~ (stealth).
   134 | D:1      | Reached skill level 4 in Axes
   257 | D:1      | Found Inlil's Assorted Antiques.
   262 | D:1      | 262 ||| BUYING bubbling cyan potion (16 gold).
   262 | D:1      | Bought a bubbling cyan potion for 16 gold pieces
   262 | D:1      | 262 ||| SHOPLISTING murky yellow potion (16 gold, have 4).
   262 | D:1      | 262 ||| SHOPLISTING scroll labelled BEGROUP ALIR (18 gold,
                  | have 4).
   262 | D:1      | 262 ||| SHOPLISTING scroll labelled BELIESHR VAUH (18 gold,
                  | have 4).
   262 | D:1      | 262 ||| SHOPLISTING scroll labelled FUQUGEFUTY (18 gold,
                  | have 4).
   262 | D:1      | 262 ||| SHOPLISTING scroll labelled SUEFEI REKURPHU (18
                  | gold, have 4).
   273 | D:1      | Reached XP level 2. HP: 21/26 MP: 1/1
   420 | D:1      | 420 ||| DROPPING +0 club.
   472 | D:1      | 472 ||| Stepping ~*~*~tactically~*~*~ (hiding).
   574 | D:1      | 574 ||| Stepping ~*~*~tactically~*~*~ (hiding).
   676 | D:1      | 676 ||| Stepping ~*~*~tactically~*~*~ (hiding).
   900 | D:1      | Reached skill level 5 in Axes
  1038 | D:1      | 1038 ||| Stepping ~*~*~tactically~*~*~ (stealth).
  1039 | D:1      | 1039 ||| Stepping ~*~*~tactically~*~*~ (stealth).
  1040 | D:1      | 1040 ||| Stepping ~*~*~tactically~*~*~ (stealth).
  1153 | D:1      | 1153 ||| Stepping ~*~*~tactically~*~*~ (stealth).
  1160 | D:1      | 1160 ||| INVOKING Berserk.
  1168 | D:1      | Reached XP level 3. HP: 15/31 MP: 2/2
  1440 | D:1      | 1440 ||| UPGRADING to +0 ring mail.
  1450 | D:1      | 1450 ||| DROPPING +0 animal skin.
  1451 | D:1      | 1451 ||| UPGRADING to ring of willpower.
  1452 | D:1      | 1452 ||| READING scroll labelled CISHRU CA OCKA.
  1453 | D:1      | 1453 ||| READING 2 scrolls labelled FUQUGEFUTY.
  1454 | D:1      | 1454 ||| READING scroll labelled SUEFEI REKURPHU.
  1476 | D:2      | 1476 ||| STAIRDANCE
  1480 | D:2      | 1480 ||| Stepping ~*~*~tactically~*~*~ (stealth).
  1579 | D:2      | 1579 ||| Stepping ~*~*~tactically~*~*~ (stealth).
  1589 | D:2      | Reached ** piety under Trog
  1625 | D:2      | Reached XP level 4. HP: 27/39 MP: 3/3
  1629 | D:2      | Reached skill level 6 in Axes
  1629 | D:2      | 1629 ||| INVOKING Berserk.
  1633 | D:2      | HP: 9/39 [poisoned by an adder]
  1634 | D:2      | 1634 ||| READING scroll of teleportation.
  1638 | D:2      | Frozen to death by an endoplasm

Levels and vault maps discovered:
D:1:      mrwooster_arrival_arrow, layout_loops_ring, serial_shops,
          nicolae_shop_hallway_plus, grunt_decor_mini_mirrors
D:2:      layout_rooms, nrook_mini_vaults, bh_walls_and_bars, uniq_jessica

Skill      XL: |  1  2  3  4 |
---------------+-------------+-----
Axes           | 4 5 6 |  6.1
Fighting       | |  3.6
Armour         | |  2.4
Dodging        | |  2.1

Action                   |  1- 3 |  4- 6 || total
-------------------------+-------+-------++-------
Melee: Hand axe          |    85 |     6 ||    91
       Headbutt          |     7 |       ||     7
       Punch             |     2 |       ||     2
Invok: Berserk           |     1 |     1 ||     2
  Use: Scroll            |     3 |     1 ||     4
Armor: Animal skin       |    12 |       ||    12
       Ring mail         |    17 |     7 ||    24
Dodge: Dodged            |    50 |     6 ||    56

Table legend:
 A = Non-vault XP
 B = Vault XP
 C = Vault XP percentage of total XP
 D = Non-vault monster count
 E = Vault monster count
 F = Vault count percentage of total count
                 A         B        C        D         E       F
            +---------+---------+-------+---------+---------+-------
      Total |     114 |       0 |   0.0 |      46 |       0 |   0.0
            +---------+---------+-------+---------+---------+-------
        D:1 |      44 |       0 |   0.0 |      24 |       0 |   0.0
        D:2 |      70 |       0 |   0.0 |      22 |       0 |   0.0
            +---------+---------+-------+---------+---------+-------
